Cogmind - Beta 14 @@@ ROGUE MODE // 2024.10.29 @ 10:29:28 Player: YA-B01 Result: Destroyed by G-73 Enforcer with Phase Gun Performance ------------- Evolutions (9) 4500 Regions Visited (25) 5000 Robots Destroyed (242) 1210 Value Destroyed (11481) 11481 Prototype IDs (33) 660 Alien Tech Used (0) 0 Bonus (7864) 7864 TOTAL SCORE: 30715 Bonus ------- High Alert Combat Kills 1722 Follower Combat Kills 2314 Entered Garrisons 1600 Used RIF Installer 3000 Friendly Fire -772 Cogmind --------- Core Integrity 0/1600 Matter 290/300 Energy 100/100 System Corruption 7% Temperature Cool (9) Movement Core (50) Location -1/Garrison Parts ------- > --- POWER (1) -------- (None) > --- PROPULSION (6) --- (None) > --- UTILITY (16) ----- Advanced Melee Analysis Suite Advanced Hacking Suite Relay Coupler [Grunt] (25) > --- WEAPON (2) ------- (None) > --- INVENTORY (5) ---- Light Antimatter Reactor Relay Coupler [Demolisher] (18) Relay Coupler [Heavy] (16) Relay Coupler [Behemoth] (9) Peak State ------------ > --- POWER ------------ Light Particle Reactor > --- PROPULSION ------- Armored Medium Treads Centrium Leg Linear Gravjet Improved Antigrav System Antigrav Array > --- UTILITY ---------- Machine Analyzer Enhanced Optical Array Advanced Signal Interpreter Advanced Melee Analysis Suite Advanced Target Analyzer Improved Armor Integrity Analyzer ECM Suite Advanced Hacking Suite Advanced Hacking Suite Advanced Hacking Suite Advanced Hacking Suite Relay Coupler [NC] Relay Coupler [Grunt] Relay Coupler [Brawler] Relay Coupler [Sentry] Relay Coupler [Behemoth] > --- WEAPON ----------- Enhanced Force Lance > --- INVENTORY -------- Relay Coupler [Demolisher] Relay Coupler [Heavy] Relay Coupler [Behemoth] Disruptor Cannon Coil Gun [Rating: 136] Favorites ----------- Power Heavy Ion Engine Engine Heavy Ion Engine Power Core Micro Fission Core Reactor Improved Quantum Reactor Propulsion Wheel Treads Light Treads Leg Flexi-carbon Leg Wheel Wheel Hover Unit Improved Antigrav System Flight Unit Improved Surge Thruster Utility Relay Coupler [Sentry] Device Seismic Detector Storage Large Storage Unit Processor Experimental Targeting Computer Hackware Relay Coupler [Sentry] Protection Improved Light Armor Plating Weapon Advanced Remote Datajack Energy Gun Plasma Rifle Energy Cannon Beam Cannon Ballistic Gun KE Penetrator Ballistic Cannon Magnetic Acceleration Cannon Launcher Grenade Launcher Special Weapon Advanced Remote Datajack Impact Weapon Heavy Flail Slashing Weapon Katana Piercing Weapon Force Lance Special Melee Weapon Advanced Datajack Build | -11 -10 -10 -9 -9 -8 -7 -7 -7 -7 -6 -6 -6 -6 -5 -5 -5 -5 -4 -4 -3 -3 -3 -2 -1 -1 ------- Run | Yrd Mat Min Mat Min Mat Fac Gar Fac Gar Fac Gar Fac Gar Fac Was Fac Gar Fac Gar Res Gar Res Res Acc Gar Slots Evolved 18 | . . . 2 . 2 2 . . . 2 . . . 2 . . . 2 . 2 . . 2 2 . Power . | . . . . . . . . . . . . . . . . . . . . . . . . . . Propulsion 4 | . . . 1 . 1 1 . . . . . . . . . . . . . . . . . 1 . Utility 14 | . . . 1 . 1 1 . . . 2 . . . 2 . . . 2 . 2 . . 2 1 . Weapon . | . . . . . . . . . . . . . . . . . . . . . . . . . . Parts Attached 489 | 9 10 14 30 10 45 7 49 4 25 37 27 32 18 17 1 3 15 16 51 3 25 13 15 11 2 Power 27 | 1 . 1 1 . . . 6 . 2 1 2 1 1 1 . . 1 1 3 1 1 1 1 1 . Engine 13 | 1 . 1 1 . . . 5 . 2 1 1 . . 1 . . . . . . . . . . . Core 4 | . . . . . . . 1 . . . . . 1 . . . 1 1 . . . . . . . Reactor 10 | . . . . . . . . . . . 1 1 . . . . . . 3 1 1 1 1 1 . Propulsion 105 | 3 1 6 3 3 15 2 3 1 4 8 3 4 2 6 . . . 5 10 . 11 5 3 6 1 Treads 4 | . . . . . . . . . 3 . . . . . . . . . . . . . . 1 . Leg 25 | . . . . . . . . . 1 . 2 1 . . . . . . 9 . 11 . . 1 . Wheel 63 | 3 1 6 3 3 15 2 3 1 . 8 1 3 2 2 . . . 4 . . . 5 . 1 . Hover 6 | . . . . . . . . . . . . . . . . . . 1 1 . . . 1 3 . Flight 7 | . . . . . . . . . . . . . . 4 . . . . . . . . 2 . 1 Utility 191 | 2 5 1 11 2 18 3 21 2 5 16 12 9 11 9 . 3 8 6 19 2 8 5 10 3 . Device 90 | 1 4 . 8 1 11 2 8 1 . 11 4 5 6 5 . 2 . 1 8 2 2 4 3 1 . Storage 7 | 1 1 . 1 . . . 1 . . . . . . . . . . 3 . . . . . . . Processor 7 | . . . . . . . . . . . 1 . . . . . . . . . . . 6 . . Hackware 45 | . . . . . . 1 3 1 5 1 5 2 . 3 . 1 7 1 6 . 5 1 1 2 . Protection 42 | . . 1 2 1 7 . 9 . . 4 2 2 5 1 . . 1 1 5 . 1 . . . . Artifact . | . . . . . . . . . . . . . . . . . . . . . . . . . . Weapon 166 | 3 4 6 15 5 12 2 19 1 14 12 10 18 4 1 1 . 6 4 19 . 5 2 1 1 1 Energy Gun 41 | 1 3 3 6 3 3 . 4 . 3 . . 4 2 . . . . 3 5 . . 1 . . . Energy Cannon 14 | . . . 3 . 2 . 1 . 1 . . . . . . . . . 4 . 2 . . . 1 Ballistic Gun 15 | 2 . 1 . . . . . . 1 3 1 2 . . . . . 1 2 . 1 . . 1 . Ballistic Cannon 14 | . . . . . 1 . 2 . 2 4 1 2 . . . . . . 2 . . . . . . Launcher 20 | . 1 2 3 1 3 . 1 . 3 . 2 2 2 . . . . . . . . . . . . Special Weapon 21 | . . . . . . . . . . 2 3 4 . . 1 . 4 . 5 . 2 . . . . Impact Weapon 6 | . . . . . . . . . . . . 3 . 1 . . 2 . . . . . . . . Slashing Weapon 13 | . . . 3 . 3 1 4 . . . . . . . . . . . . . . 1 1 . . Piercing Weapon 11 | . . . . . . . . 1 3 3 2 1 . . . . . . 1 . . . . . . Special Melee Weapon 11 | . . . . 1 . 1 7 . 1 . 1 . . . . . . . . . . . . . . Unidentified Prototypes 6 | . . . . 1 1 . . . . 1 2 . . . . . . . . . . 1 . . . Parts Lost 143 | . 1 4 2 . 7 . 9 1 8 7 5 2 12 . . 1 7 4 19 . 14 10 7 4 19 Power 12 | . . 1 . . . . 2 . 1 . . . 2 . . . 1 . 2 . 2 . . 1 . Propulsion 50 | . . . 1 . 5 . 4 . 4 1 3 1 3 . . 1 2 1 5 . 5 5 3 2 4 Utility 50 | . . 1 . . 1 . 1 . . 4 2 . 4 . . . 3 2 7 . 5 4 3 . 13 Weapon 31 | . 1 2 1 . 1 . 2 1 3 2 . 1 3 . . . 1 1 5 . 2 1 1 1 2 Highest Loss Streak 14 | . 1 4 1 . 2 . 2 1 6 3 3 1 5 . . 1 2 4 3 . 3 6 8 4 14 To Critical Strikes 1 | . . . . . . . . . . . . . . . . . . . . . . . . . 1 Average Slot Usage (%) 88 | . 100 99 99 100 98 84 81 82 80 88 88 85 74 78 94 85 75 84 92 93 89 70 76 83 67 Engine 4 | . 14 13 11 11 9 7 6 7 6 5 2 . . 4 5 5 2 . . . . . . . . Reactor 1 | . . . . . . . . . . . 3 6 4 . . . . . 1 4 3 2 3 3 . Leg 3 | . . . . . . . . . . . 7 1 . . . . . . 8 23 22 7 . 3 1 Wheel 17 | . 28 28 32 33 34 23 21 21 12 23 16 18 11 3 5 1 . 17 13 . . 5 . 1 . Flight 1 | . . . . . . . . . . . . . . 15 17 17 12 . . . . . 7 . . Device 7 | . 14 4 11 9 14 29 6 6 . 9 3 6 3 11 17 12 4 3 9 7 5 8 8 4 1 Storage 6 | . 14 14 11 11 9 7 7 7 7 6 6 6 5 . . . . 3 5 4 4 3 . . . Processor 1 | . . . . . . . . . . . 3 1 . . . . . . . . . . 15 24 21 Hackware 23 | . . . . . . . 14 23 30 24 24 30 31 25 35 35 43 35 36 33 38 35 28 32 33 Protection 4 | . . 9 11 12 11 . 7 . . 1 4 . 1 . . . . 4 2 9 4 . . . . Energy Gun 4 | . 23 11 8 9 6 . 4 . 3 1 . 1 1 7 3 . . 8 4 . . . . . . Energy Cannon 1 | . . . 10 11 7 7 3 . . . . . . . . . . . . . 1 . . . 1 Ballistic Gun 1 | . 3 9 . . . . . . . 1 1 . . . . . . . 2 . . . . . 1 Special Weapon 1 | . . . . . . . . . . 1 4 5 2 . 1 5 3 . 1 4 1 . . . . Piercing Weapon 1 | . . . . . . . . 6 5 4 5 2 . . . . . . . 4 4 4 4 3 . Peak Build Rating 136 | 8 10 9 20 25 31 48 48 48 44 62 85 75 65 63 67 77 74 94 104 104 113 88 122 136 117 Average Rating 56 | 5 8 8 17 21 27 46 41 46 39 55 66 68 54 48 64 69 64 82 89 101 97 72 101 111 92 On Entrance 50 | . 7 8 9 18 20 27 44 38 44 39 52 74 64 12 63 67 65 50 94 96 104 70 40 85 112 Naked Turns . | . . . . . . . . . . . . . . . . . . . . . . . . . . Heaviest Build 98 | 15 31 31 38 51 48 50 65 58 65 71 71 71 68 20 21 22 22 98 70 63 63 54 28 24 16 Greatest Support 120 | 26 20 20 30 30 52 68 68 30 40 60 60 66 56 21 21 21 21 64 105 105 120 56 28 47 27 Greatest Overweight (x) 17 | . 1 1 1 1 2 1 5 2 17 2 7 3 2 2 . 1 1 1 3 . 1 4 1 2 5 Average Overweight (x) . | . . 1 1 1 . . . 1 1 1 2 . . . . . . . . . . . . . . Largest Inventory Capacity 25 | 8 15 15 15 15 15 15 20 20 20 20 20 20 20 5 5 5 5 25 15 15 15 15 5 5 5 Average Capacity 15 | 7 14 15 15 15 15 15 17 20 20 20 20 20 19 5 5 5 5 11 15 15 15 14 5 5 5 Most Carried 20 | 7 15 15 15 15 15 15 20 20 20 20 20 20 20 5 5 5 5 15 15 15 15 15 5 5 4 Average Carried 14 | 2 11 14 14 14 14 14 16 19 18 19 19 19 18 4 4 4 4 8 12 15 14 14 4 4 3 Final Capacity 20 | 8 15 15 15 15 15 15 20 20 20 20 20 20 5 5 5 5 5 15 15 15 15 5 5 5 5 Final Carried 20 | 5 15 15 15 15 15 15 20 20 19 17 20 20 5 5 5 5 5 15 15 15 14 5 5 4 4 Class Distribution -------------------- 33% | Bothacker-Mutant 19% | Botlord-Mutant 19% | Mutant 16% | Scavenger-Mutant 3% | Bothacker-Sprinter Dominant Class ---------------- Mutant | -10/Materials Mutant | -10/Mines Scavenger-Mutant | -9/Materials Scavenger-Mutant | -9/Mines Scavenger-Mutant | -8/Materials Mutant | -7/Factory Bothacker-Mutant | -7/Garrison Bothacker-Mutant | -7/Factory Bothacker-Mutant | -7/Garrison Bothacker-Mutant | -6/Factory Bothacker-Mutant | -6/Garrison Bothacker-Mutant | -6/Factory Mutant | -6/Garrison Sprinter | -5/Factory Bothacker-Sprinter | -5/Waste Bothacker-Sprinter | -5/Factory Bothacker-Sprinter | -5/Garrison Mutant | -4/Factory Botlord-Mutant | -4/Garrison Botlord-Mutant | -3/Research Botlord-Mutant | -3/Garrison Mutant | -3/Research Hacker-Gladiator | -2/Research Hacker-Mutant | -1/Access Hacker-Mutant | -1/Garrison Resources | -11 -10 -10 -9 -9 -8 -7 -7 -7 -7 -6 -6 -6 -6 -5 -5 -5 -5 -4 -4 -3 -3 -3 -2 -1 -1 ----------- Run | Yrd Mat Min Mat Min Mat Fac Gar Fac Gar Fac Gar Fac Gar Fac Was Fac Gar Fac Gar Res Gar Res Res Acc Gar Matter Collected 7336 | 314 143 239 341 120 597 . 606 25 348 327 756 659 208 70 . 133 389 118 1121 24 435 128 145 89 1 Remotely . | . . . . . . . . . . . . . . . . . . . . . . . . . . Salvage Created 9689 | 142 483 130 1677 154 1225 . 676 55 309 338 472 525 436 44 . . 449 115 1127 24 756 398 54 100 . Parts 502 | 14 32 . 119 16 91 . 28 2 18 18 23 14 11 . . . 13 4 26 3 35 19 7 9 . Haulers Intercepted 9 | . 2 . 3 . 3 . . . . 1 . . . . . . . . . . . . . . . Recyclers Shooed 2 | . . 1 . . 1 . . . . . . . . . . . . . . . . . . . . Parts Field Recycled . | . . . . . . . . . . . . . . . . . . . . . . . . . . Retrieved Matter . | . . . . . . . . . . . . . . . . . . . . . . . . . . Parts Self-Destructed . | . . . . . . . . . . . . . . . . . . . . . . . . . . Prevented . | . . . . . . . . . . . . . . . . . . . . . . . . . . Kills | -11 -10 -10 -9 -9 -8 -7 -7 -7 -7 -6 -6 -6 -6 -5 -5 -5 -5 -4 -4 -3 -3 -3 -2 -1 -1 ------- Run | Yrd Mat Min Mat Min Mat Fac Gar Fac Gar Fac Gar Fac Gar Fac Was Fac Gar Fac Gar Res Gar Res Res Acc Gar Combat Hostiles Destroyed 168 | . 8 7 31 5 17 . 14 . 12 5 11 8 12 . . . 5 2 17 . 10 2 . 2 . Melee 30 | . . . . . . . . . 2 2 6 . 4 . . . 3 1 2 . 8 1 . 1 . Guns 40 | . 5 5 3 . 8 . 7 . 1 1 1 3 . . . . . . 5 . . . . 1 . Cannons 42 | . . . 20 2 3 . 6 . . 1 . 2 . . . . . . 8 . . . . . . AOE 41 | . 3 2 7 3 6 . . . 9 1 4 1 5 . . . . . . . . . . . . Classes Destroyed 17 | 2 6 1 3 . 1 . . . 1 1 . 1 . . . . 1 . . . . . . . . Worker 21 | . 1 . 4 1 8 . . 2 . 2 . 1 . . . . . . . . . 2 . . . Builder 12 | . . . 2 . 2 . . . . 2 . . . . . . . . . 1 . 2 1 2 . Tunneler 11 | 4 . 1 2 2 1 . . . . . . 1 . . . . . . . . . . . . . Hauler 9 | . 2 . 3 . 3 . . . . 1 . . . . . . . . . . . . . . . Recycler 6 | 1 . 1 . . 2 . . . . . . 1 . . . . . . . . . 1 . . . Mechanic 1 | . . . . . . . . . . . . 1 . . . . . . . . . . . . . Operator 4 | . 1 . 3 . . . . . . . . . . . . . . . . . . . . . . Watcher 15 | . 2 . 4 . 4 . . . 1 . . 1 . 2 . . . . . . . . 1 . . Swarmer 42 | . 3 . 7 3 3 . 2 . 8 . 3 3 8 . . . . . . . . . . 2 . Grunt 72 | . 5 . 17 2 5 . 5 . 2 2 7 2 4 . . . 3 . 15 . 3 . . . . Brawler 3 | . . . 1 . 1 . . . . . . 1 . . . . . . . . . . . . . Duelist 6 | . . . . . 2 . 1 . . . . 1 . . . . . . . . 2 . . . . Sentry 21 | . . . 6 . 6 . 6 . 1 . 1 . . . . . 1 . . . . . . . . Hunter 9 | . . . . . . . . . . . . . . . . . 2 . . . 5 2 . . . Programmer 9 | . . . . . . . . . . 3 . 2 . . . . . 2 2 . . . . . . Heavy 1 | . . . . . . . . . 1 . . . . . . . . . . . . . . . . Assembled 7 | . . 7 . . . . . . . . . . . . . . . . . . . . . . . Best Kill Streak 8 | 5 2 2 6 6 8 . 5 2 7 1 3 4 4 2 . . 1 1 3 1 2 3 1 2 . Combat Bots Only 7 | . 2 1 6 3 4 . 5 . 7 1 3 2 4 . . . 1 1 3 . 2 2 . 2 . Max Kills in Single Turn 3 | 1 2 1 3 2 2 . 2 1 3 1 2 2 3 1 . . 1 1 1 1 1 1 1 1 . Gunslinging . | . . . . . . . . . . . . . . . . . . . . . . . . . . Exploded 3 | . 2 1 2 2 2 . . . 3 1 2 1 3 . . . . . . . . . . . . Melee 1 | . . . . . . . . . 1 1 1 . 1 . . . 1 1 1 . 1 1 . 1 . Uniques/NPCs Destroyed . | . . . . . . . . . . . . . . . . . . . . . . . . . . Combat | -11 -10 -10 -9 -9 -8 -7 -7 -7 -7 -6 -6 -6 -6 -5 -5 -5 -5 -4 -4 -3 -3 -3 -2 -1 -1 -------- Run | Yrd Mat Min Mat Min Mat Fac Gar Fac Gar Fac Gar Fac Gar Fac Was Fac Gar Fac Gar Res Gar Res Res Acc Gar Hostile Shots Fired 1991 | . 41 18 83 5 84 1 301 . 71 28 66 35 183 3 . 4 101 37 232 34 218 150 60 49 187 Missed 692 | . 14 5 30 2 27 1 110 . 25 4 13 7 48 2 . 2 52 12 70 11 91 59 30 15 62 Damage Taken 22170 | . 336 171 720 23 1114 . 1682 21 1042 588 1121 465 1737 64 . 44 848 502 3048 365 2228 1702 765 782 2802 Core 5357 | . 74 15 111 6 161 . 252 . 244 117 192 47 464 23 . . 278 205 444 20 322 506 254 48 1574 Absorbed by Shields 161 | . . . . . . . . . . . 63 . . . . . 32 . . . . . . . 66 Ignored by Resistances 159 | . . . . . . . . . . . . . . . . . . 32 127 . . . . . . Regen/Repaired (Parts) 45 | . . . 45 . . . . . . . . . . . . . . . . . . . . . . Core Remaining (%) 56 | 100 . 64 . 70 70 . . . 29 . . . 3 . . . 69 . 43 . . 34 82 . . Volleys Fired 668 | 9 49 26 88 11 68 . 64 . 27 14 26 53 5 1 1 2 21 13 137 3 21 13 . 8 8 Largest 2 | 2 2 2 2 2 2 . 2 . 2 2 1 2 1 2 1 1 1 2 2 1 1 1 . 1 1 Hottest 163 | 70 90 90 110 105 123 . 120 . 157 108 53 116 63 80 10 10 10 150 163 10 94 60 . 30 81 Shots Fired 975 | 18 97 42 164 16 117 . 92 . 33 22 26 61 5 2 1 2 21 21 182 3 21 13 . 8 8 Gun 559 | 18 96 36 81 5 48 . 50 . 18 12 4 30 1 2 . . . 21 112 . . 13 . 8 4 Cannon 265 | . . . 79 9 52 . 42 . 10 6 2 9 . . . . . . 44 . 8 . . . 4 Launcher 44 | . 1 6 4 2 17 . . . 5 . 3 2 4 . . . . . . . . . . . . Special 107 | . . . . . . . . . . 4 17 20 . . 1 2 21 . 26 3 13 . . . . Kinetic 172 | 9 10 13 2 . 1 . 13 . 12 16 6 12 . . . . . 5 61 . . . . 8 4 Thermal 397 | 9 28 9 83 9 57 . 59 . 15 2 . 27 1 2 . . . 16 80 . . . . . . Explosive 44 | . 1 6 4 2 17 . . . 5 . 3 2 4 . . . . . . . . . . . . Electromagnetic 255 | . 58 14 75 5 42 . 20 . 1 . . . . . . . . . 15 . 8 13 . . 4 Robot Hit Streak 31 | 3 8 8 20 6 10 . 31 . 9 11 8 9 . . 1 3 8 5 11 2 8 4 . 5 3 Robot Miss Streak 6 | 2 6 2 4 1 5 . 6 . 4 4 5 2 . 2 . . 1 2 4 1 1 2 . 2 3 Penetration Max . | . . . . . . . . . . . . . . . . . . . . . . . . . . Secondary Targets . | . . . . . . . . . . . . . . . . . . . . . . . . . . Shots Hit Robots 821 | 8 52 24 120 11 89 1 74 7 23 35 30 48 30 2 1 2 38 19 125 3 44 17 6 9 3 Core Hits 396 | 6 22 14 72 9 62 . 30 . 17 13 17 16 14 . . . 3 3 70 1 12 6 2 5 2 Critical Kills 2 | . . . . . . . 1 . . . . . 1 . . . . . . . . . . . . Critical Parts Destroyed 13 | . . . . . . . . . 1 . . 1 4 . . . 4 2 . . . . . 1 . Critical Strikes 51 | . 5 2 . . 1 . 5 . 4 3 . 3 5 . . . 5 2 8 . 5 1 . 2 . Burn 12 | . 2 2 . . . . 1 . . . . 1 . . . . . . 6 . . . . . . Destroy 5 | . . . . . . . 3 . 1 . . . . . . . . . . . . . . 1 . Blast 2 | . . . . . . . . . . 1 . 1 . . . . . . . . . . . . . Corrupt 3 | . 3 . . . . . . . . . . . . . . . . . . . . . . . . Smash 13 | . . . . . . . . . . . . 1 5 . . . 5 2 . . . . . . . Sever 2 | . . . . . 1 . 1 . . . . . . . . . . . . . . . . . . Impale 14 | . . . . . . . . . 3 2 . . . . . . . . 2 . 5 1 . 1 . Melee Attacks 630 | . . . 5 1 25 1 88 13 73 24 105 18 65 4 . 3 66 11 21 2 65 18 18 4 . Impact 164 | . . . . . . . . . . . . 15 65 4 . 3 66 11 . . . . . . . Slashing 120 | . . . 5 . 25 . 75 . . . . . . . . . . . . . . . 15 . . Piercing 323 | . . . . . . . . 9 69 24 105 3 . . . . . . 21 2 65 18 3 4 . Sneak Attacks 70 | . . . 2 1 10 1 1 6 2 8 3 3 . 2 . . 14 . 3 1 5 5 1 2 . Combat Hostiles 25 | . . . . . . . . . 1 2 3 . . . . . 13 . 1 . 5 . . . . Follow-up Attacks 2 | . . . . . . . . . . . . . . . . . . . . . . . 2 . . Damage Inflicted 24924 | 96 863 386 2679 419 2846 . 1186 270 1162 1760 1017 1298 1561 104 . . 1544 680 3505 129 1628 922 323 477 69 Guns 6220 | 96 719 258 1153 69 644 . 645 . 175 209 29 380 . . . . . 279 1177 . . 237 . 113 37 Cannons 4053 | . . . 907 103 524 . 479 . 112 213 25 163 . . . . . . 1209 . 302 . . . 16 Explosions 3503 | . 144 128 465 247 823 . . . 605 234 285 275 297 . . . . . . . . . . . . Melee 11118 | . . . 154 . 855 . 62 270 270 1104 678 480 1264 104 . . 1544 397 1119 129 1326 685 313 364 . Ramming 30 | . . . . . . . . . . . . . . . . . . 4 . . . . 10 . 16 Kinetic 2594 | 33 102 121 12 . . . 183 . 145 364 54 230 . . . . . . 1200 . . . . 113 37 Thermal 4788 | 63 273 72 1115 103 606 . 737 . 142 292 . 313 . . . . . 279 793 . . . . . . Explosive 3007 | . 82 128 294 247 794 . . . 605 . 285 275 297 . . . . . . . . . . . . Electromagnetic 3387 | . 406 65 1104 69 591 . 204 . . . . . . . . . . . 393 . 302 237 . . 16 Impact 3609 | . . . . . . . . . . . . 300 1264 104 . . 1544 397 . . . . . . . Slashing 1313 | . . . 154 . 855 . 62 . . . . . . . . . . . . . . . 242 . . Piercing 6196 | . . . . . . . . 270 270 1104 678 180 . . . . . . 1119 129 1326 685 71 364 . Highest Corruption 10 | . . . . . . . . . . 7 7 10 10 . 9 9 . 1 3 1 3 3 1 . 7 Average Corruption 5 | . . . . . . . . . . 4 7 8 10 . 9 6 . 1 2 1 1 3 1 . 5 Corruption Purged 11 | . . . . . . . . . . . . . . . . 9 . 2 . . . . . . . Corruption Blocked . | . . . . . . . . . . . . . . . . . . . . . . . . . . Effects 199 | . . . . . . . . . . 13 52 36 31 . 1 7 . . 38 2 8 10 . . 1 Message Errors 47 | . . . . . . . . . . 1 9 7 9 . . 3 . . 12 . 3 3 . . . Matter Fused 51 | . . . . . . . . . . 5 14 8 4 . . 2 . . 9 1 2 5 . . 1 Heat Flow Errors 19 | . . . . . . . . . . 2 5 2 5 . . 1 . . 3 . . 1 . . . Energy Discharges 26 | . . . . . . . . . . 3 6 5 5 . 1 1 . . 4 1 . . . . . Parts Rejected 6 | . . . . . . . . . . . 1 3 1 . . . . . . . 1 . . . . Parts Fused 2 | . . . . . . . . . . . . 2 . . . . . . . . . . . . . Data Loss (minor) 26 | . . . . . . . . . . 1 10 4 4 . . . . . 5 . 1 1 . . . Data Loss (major) 11 | . . . . . . . . . . 1 5 . 3 . . . . . 2 . . . . . . Misfires 4 | . . . . . . . . . . . . 3 . . . . . . 1 . . . . . . Alerts 5 | . . . . . . . . . . . 2 2 . . . . . . . . 1 . . . . Weapon Failures 2 | . . . . . . . . . . . . . . . . . . . 2 . . . . . . Overload Shots . | . . . . . . . . . . . . . . . . . . . . . . . . . . Overflow Damage 2360 | . 3 13 38 . 76 . . 150 192 581 . 185 271 32 . . 370 152 114 . 27 70 86 . . Projectiles 55 | . . . 7 . 10 . . . . 38 . . . . . . . . . . . . . . . Explosions 312 | . 3 13 . . 1 . . . 54 223 . 18 . . . . . . . . . . . . . Melee 1993 | . . . 31 . 65 . . 150 138 320 . 167 271 32 . . 370 152 114 . 27 70 86 . . Knockbacks 28 | . . . . . . . . . . 2 . 1 2 . . . 1 4 18 . . . . . . Impact 8 | . . . . . . . . . . . . 1 2 . . . 1 4 . . . . . . . Kinetic 17 | . . . . . . . . . . 2 . . . . . . . . 15 . . . . . . Secondary 3 | . . . . . . . . . . . . . . . . . . . 3 . . . . . . Self-Inflicted Damage 541 | . 35 . 89 . 176 . . . . 187 46 . . . . . . 2 . . . . 4 . 2 Shots 13 | . 1 . 3 . 5 . . . . 3 1 . . . . . . . . . . . . . . Rammed 19 | . . . . . . . . . . . . . . . . . . 1 . . . . 2 . 16 Targets Rammed 19 | . . . . . . . . . . . . . . . . . . 1 . . . . 2 . 16 Kicked . | . . . . . . . . . . . . . . . . . . . . . . . . . . Crushed . | . . . . . . . . . . . . . . . . . . . . . . . . . . Highest Temperature 374 | 45 135 54 147 114 374 . 348 . 256 255 254 258 258 8 . 259 . 315 210 . 60 200 . . . Average Temperature 63 | 16 39 19 21 33 96 . 90 . 94 67 99 84 94 6 . 140 . 122 41 . 27 107 . . . Received Heat Transfer 3820 | . 117 . 231 6 378 . 522 . 162 126 264 54 513 9 . 9 105 . 849 . 117 72 108 . 178 Effects 3 | . . . . . 1 . . . . . . . 1 . . . . 1 . . . . . . . Energy Bleed 2 | . . . . . . . . . . . . . 1 . . . . 1 . . . . . . . Damage (minor) 1 | . . . . . 1 . . . . . . . . . . . . . . . . . . . . Siege Activations . | . . . . . . . . . . . . . . . . . . . . . . . . . . Robots Corrupted 18 | . 1 . 1 . . . . . . . . 3 3 2 . . 4 . 1 . 2 1 . . . Combat Hostiles 12 | . . . 1 . . . . . . . . 2 3 . . . 2 . 1 . 2 1 . . . Parts Fried 41 | . 5 . 5 . 4 . 1 . . . . 8 4 6 . . 5 . 2 . . 1 . . . Impact Corruptions 32 | . . . . . . . . . . . . 6 10 3 . . 8 5 . . . . . . . Robots Melted 3 | . . . . . . . 1 . . . . . . . . . . 1 1 . . . . . . Combat Hostiles 3 | . . . . . . . 1 . . . . . . . . . . 1 1 . . . . . . Parts Melted 22 | . 4 . 1 . . . 4 . . 1 . . . . . . . 7 5 . . . . . . Heat Transferred 10825 | 185 927 370 2185 222 1271 . 1665 . 210 200 . 740 . . . . . 550 2300 . . . . . . Parts Sabotaged . | . . . . . . . . . . . . . . . . . . . . . . . . . . Parts Stolen . | . . . . . . . . . . . . . . . . . . . . . . . . . . Parts Stripped . | . . . . . . . . . . . . . . . . . . . . . . . . . . Power Chain Reactions 9 | . 1 . 6 . 2 . . . . . . . . . . . . . . . . . . . . Alert | -11 -10 -10 -9 -9 -8 -7 -7 -7 -7 -6 -6 -6 -6 -5 -5 -5 -5 -4 -4 -3 -3 -3 -2 -1 -1 ------- Run | Yrd Mat Min Mat Min Mat Fac Gar Fac Gar Fac Gar Fac Gar Fac Was Fac Gar Fac Gar Res Gar Res Res Acc Gar Peak Influence 1700 | 25 213 92 739 387 941 402 895 628 1695 944 1076 588 567 408 93 135 322 132 1700 1002 849 503 241 163 122 Initial 956 | . 16 27 . 278 126 402 184 469 439 889 322 564 144 276 78 65 94 122 32 956 738 459 . 132 110 Average 478 | 11 81 31 334 321 615 387 466 541 1138 742 702 325 317 317 84 111 236 85 481 980 749 218 61 136 81 Maximum Alert Level 5 | . 1 . 3 1 3 2 3 2 5 3 3 2 2 2 . . 1 . 5 3 3 2 1 . . Low Security (%) 30 | 100 93 100 42 18 6 . 7 . . . . 7 14 . 100 100 12 100 49 . . 35 89 100 100 Level 1 21 | . 6 . 15 81 20 9 27 . . 4 15 59 60 93 . . 87 . 12 . . 37 10 . . Level 2 20 | . . . 37 . 17 90 50 100 23 35 35 32 24 6 . . . . 8 . 12 26 . . . Level 3 19 | . . . 3 . 55 . 14 . 14 59 48 . . . . . . . 8 100 87 . . . . Level 4 7 | . . . . . . . . . 50 . . . . . . . . . 18 . . . . . . Level 5 1 | . . . . . . . . . 11 . . . . . . . . . 3 . . . . . . High Security . | . . . . . . . . . . . . . . . . . . . . . . . . . . Max Security . | . . . . . . . . . . . . . . . . . . . . . . . . . . Squads Dispatched 36 | . 1 . 8 1 2 . . 3 . 4 . 3 . 4 . 1 . 2 . 2 . 1 4 . . Investigation 13 | . . . 4 1 . . . . . 2 . . . 2 . 1 . . . 1 . 1 1 . . Extermination 8 | . . . . . . . . 1 . 2 . 2 . . . . . 1 . 1 . . 1 . . Reinforcement 11 | . 1 . 3 . . . . 2 . . . . . 2 . . . 1 . . . . 2 . . Assault 4 | . . . 1 . 2 . . . . . . 1 . . . . . . . . . . . . . Garrison . | . . . . . . . . . . . . . . . . . . . . . . . . . . Intercept . | . . . . . . . . . . . . . . . . . . . . . . . . . . Searches Triggered . | . . . . . . . . . . . . . . . . . . . . . . . . . . Construction Impeded 2 | . . . . . . . . 1 . . . . . . . . . 1 . . . . . . . Haulers Reinforced . | . . . . . . . . . . . . . . . . . . . . . . . . . . Active Scanning Responses . | . . . . . . . . . . . . . . . . . . . . . . . . . . Cargo Convoy Interrupts . | . . . . . . . . . . . . . . . . . . . . . . . . . . Alert ID Control Effect 27 | . . . . . . . . . 3 1 4 3 . . . . 4 . 11 . 1 . . . . Stealth | -11 -10 -10 -9 -9 -8 -7 -7 -7 -7 -6 -6 -6 -6 -5 -5 -5 -5 -4 -4 -3 -3 -3 -2 -1 -1 --------- Run | Yrd Mat Min Mat Min Mat Fac Gar Fac Gar Fac Gar Fac Gar Fac Was Fac Gar Fac Gar Res Gar Res Res Acc Gar Distress Signals 15 | . 1 1 4 . 5 . . 1 . 1 . . . 1 . . 1 . . . . . . . . Communications Jammed 41 | . . . . . . . . . . . . . . . . . . . . 41 . . . . . Distress Signals 41 | . . . . . . . . . . . . . . . . . . . . 41 . . . . . Times Spotted 490 | . 17 7 52 5 58 5 25 3 31 10 28 23 15 13 2 3 20 6 72 4 21 7 26 8 29 Peak Tracking Total 30 | . 4 1 6 3 9 5 5 2 4 4 5 4 5 5 2 2 6 2 11 4 3 3 9 4 30 Tactical Retreats 63 | . 3 . 5 . 9 . 1 . 5 2 . 1 4 4 . 2 . 1 15 . 1 2 5 1 2 Traps | -11 -10 -10 -9 -9 -8 -7 -7 -7 -7 -6 -6 -6 -6 -5 -5 -5 -5 -4 -4 -3 -3 -3 -2 -1 -1 ------- Run | Yrd Mat Min Mat Min Mat Fac Gar Fac Gar Fac Gar Fac Gar Fac Was Fac Gar Fac Gar Res Gar Res Res Acc Gar Traps Triggered 42 | . . . 4 . . . 1 . 2 3 11 3 . 3 . . 2 . 4 1 4 . 3 . 1 Indirectly . | . . . . . . . . . . . . . . . . . . . . . . . . . . Trap Hack Attempts 9 | . . . . . . . . . 9 . . . . . . . . . . . . . . . . Triggered . | . . . . . . . . . . . . . . . . . . . . . . . . . . Disarmed 4 | . 4 . . . . . . . . . . . . . . . . . . . . . . . . Reprogrammed 2 | . . . . . . . . . 2 . . . . . . . . . . . . . . . . Reused 3 | . . . . . . . . . 3 . . . . . . . . . . . . . . . . Traps Extracted . | . . . . . . . . . . . . . . . . . . . . . . . . . . Installed 4 | . . . . . . . . . 4 . . . . . . . . . . . . . . . . Triggered 3 | . . . . . . . . . 3 . . . . . . . . . . . . . . . . Most Traps Carried 4 | . . . . . . . . . 4 . . . . . . . . . . . . . . . . Machines | -11 -10 -10 -9 -9 -8 -7 -7 -7 -7 -6 -6 -6 -6 -5 -5 -5 -5 -4 -4 -3 -3 -3 -2 -1 -1 ---------- Run | Yrd Mat Min Mat Min Mat Fac Gar Fac Gar Fac Gar Fac Gar Fac Was Fac Gar Fac Gar Res Gar Res Res Acc Gar Machines Disabled 40 | . . 3 1 1 2 . 3 . 11 4 5 . 2 . . . 2 . 4 . 2 . . . . Max in Single Turn 4 | . . 3 1 1 1 . 1 . 1 4 1 . 1 . . . 1 . 1 . 1 . . . . Garrison Relay 17 | . . . . . . . 2 . 3 . 3 . 2 . . . 2 . 3 . 2 . . . . Machines Repaired . | . . . . . . . . . . . . . . . . . . . . . . . . . . Machines Dismantled . | . . . . . . . . . . . . . . . . . . . . . . . . . . Machines Sabotaged . | . . . . . . . . . . . . . . . . . . . . . . . . . . Overloaded Fab Kills . | . . . . . . . . . . . . . . . . . . . . . . . . . . Hacking | -11 -10 -10 -9 -9 -8 -7 -7 -7 -7 -6 -6 -6 -6 -5 -5 -5 -5 -4 -4 -3 -3 -3 -2 -1 -1 --------- Run | Yrd Mat Min Mat Min Mat Fac Gar Fac Gar Fac Gar Fac Gar Fac Was Fac Gar Fac Gar Res Gar Res Res Acc Gar Machines Accessed 91 | . 9 . 9 2 11 2 3 2 2 10 3 6 2 8 . 8 1 1 . 4 1 3 2 2 . Terminals 50 | . 7 . 6 1 7 1 3 . 2 3 3 4 2 1 . 4 1 . . . 1 3 1 . . Fabricators 10 | . . . . . . . . 1 . 1 . . . 5 . 1 . . . . . . 1 1 . Repair Stations 4 | . . . 1 . 1 . . . . . . . . 1 . . . . . 1 . . . . . Recycling Units 11 | . 2 . . . 2 . . . . 4 . . . 1 . 1 . . . 1 . . . . . Scanalyzers 7 | . . . 2 . 1 . . . . 1 . 1 . . . 1 . . . 1 . . . . . Garrison Access 8 | . . . . . . 1 . 1 . 1 . 1 . . . 1 . 1 . 1 . . . 1 . Total Hacks 228 | . 27 . 30 4 37 8 5 3 3 24 5 19 5 14 . 16 1 1 . 11 2 8 3 2 . Successful 126 | . 16 . 26 1 15 4 2 1 2 11 2 10 1 6 . 13 1 1 . 7 . 3 3 1 . Failed 101 | . 10 . 4 3 22 4 3 2 1 13 3 9 4 8 . 3 . . . 4 2 5 . 1 . Catastrophic 16 | . 1 . . 1 1 2 . . 1 3 . 2 . 3 . . . . . 1 . 1 . . . Database Lockouts 1 | . 1 . . . . . . . . . . . . . . . . . . . . . . . . Manual 72 | . 11 . 5 . 15 4 . 2 . 12 . 11 . 5 . 5 . . . . . . 1 1 . Terminals 139 | . 21 . 17 3 24 6 5 . 3 9 5 16 5 1 . 11 1 . . . 2 8 2 . . Fabricators 16 | . . . . . . . . 2 . 1 . . . 10 . 1 . . . . . . 1 1 . Repair Stations 8 | . . . 2 . 3 . . . . . . . . 1 . . . . . 2 . . . . . Recycling Units 29 | . 6 . . . 8 . . . . 10 . . . 2 . 1 . . . 2 . . . . . Scanalyzers 26 | . . . 11 . 2 . . . . 3 . 2 . . . 2 . . . 6 . . . . . Garrison Access 9 | . . . . . . 2 . 1 . 1 . 1 . . . 1 . 1 . 1 . . . 1 . Terminal Hacks 57 | . 10 . 11 1 5 3 2 . 2 3 2 5 1 . . 6 1 . . . . 3 2 . . Record 1 | . . . . . . . . . . 1 . . . . . . . . . . . . . . . Part Schematic 4 | . 2 . 1 . . . . . . . . . . . . 1 . . . . . . . . . Prototype ID Bank 11 | . 3 . 1 . 3 . . . . . . 2 . . . 1 . . . . . . 1 . . Open Door 2 | . . . . 1 . . 1 . . . . . . . . . . . . . . . . . . Branch Access Points 2 | . . . 1 . . . . . . . . . . . . 1 . . . . . . . . . Emergency Access Points 4 | . . . 1 . 1 . . . 1 . . . . . . . 1 . . . . . . . . Terminal Index 2 | . . . . . . . . . . . . . . . . 1 . . . . . 1 . . . Garrison Index 1 | . . . . . . . . . . . . . . . . 1 . . . . . . . . . Alert Level 4 | . . . 3 . . 1 . . . . . . . . . . . . . . . . . . . Unreport Threat 6 | . . . . . . 1 . . . 2 . 1 . . . . . . . . . 2 . . . Locate Traps 6 | . 3 . 1 . . 1 . . . . . 1 . . . . . . . . . . . . . Disarm Traps 1 | . 1 . . . . . . . . . . . . . . . . . . . . . . . . Zone Layout 8 | . 1 . 3 . 1 . . . . . . 1 . . . 1 . . . . . . 1 . . Garrison Registry 1 | . . . . . . . . . . . . . 1 . . . . . . . . . . . . Patrol Navigation 1 | . . . . . . . . . . . 1 . . . . . . . . . . . . . . Security Stations 3 | . . . . . . . 1 . 1 . 1 . . . . . . . . . . . . . . Fabricator Hacks 5 | . . . . . . . . . . . . . . 5 . . . . . . . . . . . Load Schematic 3 | . . . . . . . . . . . . . . 3 . . . . . . . . . . . Build 2 | . . . . . . . . . . . . . . 2 . . . . . . . . . . . Repair Station Hacks 5 | . . . 2 . 1 . . . . . . . . 1 . . . . . 1 . . . . . Scan Component 3 | . . . 1 . 1 . . . . . . . . . . . . . . 1 . . . . . Repair 1 | . . . 1 . . . . . . . . . . . . . . . . . . . . . . Refit 1 | . . . . . . . . . . . . . . 1 . . . . . . . . . . . Recycling Unit Hacks 10 | . 2 . . . 2 . . . . 5 . . . . . 1 . . . . . . . . . Retrieve Matter 3 | . . . . . . . . . . 3 . . . . . . . . . . . . . . . Retrieve Components 7 | . 2 . . . 2 . . . . 2 . . . . . 1 . . . . . . . . . Scanalyzer 23 | . . . 11 . 2 . . . . 1 . 2 . . . 2 . . . 5 . . . . . Insert Component 13 | . . . 6 . 1 . . . . 1 . 1 . . . 1 . . . 3 . . . . . Analyze 10 | . . . 5 . 1 . . . . . . 1 . . . 1 . . . 2 . . . . . Garrison Access Hacks 8 | . . . . . . 1 . 1 . 1 . 1 . . . 1 . 1 . 1 . . . 1 . Unlock Access 8 | . . . . . . 1 . 1 . 1 . 1 . . . 1 . 1 . 1 . . . 1 . Unauthorized Hacks 18 | . 4 . 2 . 5 . . . . 1 . 2 . . . 3 . . . . . . 1 . . Terminals 12 | . 3 . 2 . 3 . . . . . . 2 . . . 2 . . . . . . . . . Assimilate 1 | . . . . . . . . . . . . . . . . 1 . . . . . . . . . Botnet 10 | . 3 . 2 . 3 . . . . . . 1 . . . 1 . . . . . . . . . Operators 1 | . . . . . . . . . . . . 1 . . . . . . . . . . . . . Fabricators 2 | . . . . . . . . . . . . . . . . 1 . . . . . . 1 . . Fabnet 2 | . . . . . . . . . . . . . . . . 1 . . . . . . 1 . . Repair Stations . | . . . . . . . . . . . . . . . . . . . . . . . . . . Recycling Units 4 | . 1 . . . 2 . . . . 1 . . . . . . . . . . . . . . . Monitor 1 | . . . . . 1 . . . . . . . . . . . . . . . . . . . . Recyclers 3 | . 1 . . . 1 . . . . 1 . . . . . . . . . . . . . . . Scanalyzers . | . . . . . . . . . . . . . . . . . . . . . . . . . . Garrison Access . | . . . . . . . . . . . . . . . . . . . . . . . . . . Data Cores Recovered . | . . . . . . . . . . . . . . . . . . . . . . . . . . Used . | . . . . . . . . . . . . . . . . . . . . . . . . . . Hacking Detections 78 | . 8 . 8 1 11 2 1 1 1 8 1 6 2 8 . 7 1 . . 4 1 3 2 2 . Full Trace Events 10 | . . . 1 1 . . 1 . . 1 1 . . 2 . 1 . . . 1 . 1 . . . Feedback Events 1 | . . . . . . . . . . . . . . . . . . . . 1 . . . . . Corruption 1 | . . . . . . . . . . . . . . . . . . . . 1 . . . . . Feedback Blocked . | . . . . . . . . . . . . . . . . . . . . . . . . . . Robot Schematics Acquired . | . . . . . . . . . . . . . . . . . . . . . . . . . . Robots Built . | . . . . . . . . . . . . . . . . . . . . . . . . . . Authchips . | . . . . . . . . . . . . . . . . . . . . . . . . . . Time . | . . . . . . . . . . . . . . . . . . . . . . . . . . Total Robot Build Rating . | . . . . . . . . . . . . . . . . . . . . . . . . . . Part Schematics Acquired 13 | . 2 . 6 . 1 . . . . . . 1 . . . 1 . . . 2 . . . . . Parts Built 2 | . . . . . . . . . . . . . . 2 . . . . . . . . . . . Authchips . | . . . . . . . . . . . . . . . . . . . . . . . . . . Time 87 | . . . . . . . . . . . . . . 87 . . . . . . . . . . . Total Part Build Rating 3 | . . . . . . . . . . . . . . 3 . . . . . . . . . . . Parts Repaired 1 | . . . 1 . . . . . . . . . . . . . . . . . . . . . . Time 51 | . . . 51 . . . . . . . . . . . . . . . . . . . . . . Parts Recycled . | . . . . . . . . . . . . . . . . . . . . . . . . . . Recycled Matter . | . . . . . . . . . . . . . . . . . . . . . . . . . . Retrieved Matter . | . . . . . . . . . . . . . . . . . . . . . . . . . . Retrieved Components 32 | . 11 . . . 18 . . . . 1 . . . . . 2 . . . . . . . . . Parts Scanalyzed 11 | . . . 5 . 1 . . . . 1 . 1 . . . 1 . . . 2 . . . . . Part Schematics Acquired 9 | . . . 5 . 1 . . . . . . 1 . . . . . . . 2 . . . . . Parts Damaged 1 | . . . . . . . . . . 1 . . . . . . . . . . . . . . . Bothacking | -11 -10 -10 -9 -9 -8 -7 -7 -7 -7 -6 -6 -6 -6 -5 -5 -5 -5 -4 -4 -3 -3 -3 -2 -1 -1 ------------ Run | Yrd Mat Min Mat Min Mat Fac Gar Fac Gar Fac Gar Fac Gar Fac Was Fac Gar Fac Gar Res Gar Res Res Acc Gar Used RIF Installer 6 | . . . . . . . 1 . 1 . 1 . . . . . . . 2 . 1 . . . . Code Merge 1 | . . . . . . . . . . . . . . . . . . . 1 . . . . . . Command Fork 1 | . . . . . . . . . . . . . . . . . . . 1 . . . . . . Threat Obfuscator 1 | . . . . . . . . . . . . . . . . . . . . . 1 . . . . Watcher Feeds 1 | . . . . . . . . . . . 1 . . . . . . . . . . . . . . Alert ID Control 1 | . . . . . . . . . 1 . . . . . . . . . . . . . . . . Robots Hacked 71 | . . . . 1 . 1 8 2 3 3 7 10 . . 1 1 14 . 9 1 10 . . . . Non-combat 6 | . . . . . . 1 . 1 . 1 . 3 . . . . . . . . . . . . . Combat 65 | . . . . 1 . . 8 1 3 2 7 7 . . 1 1 14 . 9 1 10 . . . . Robot Hacks Applied 83 | . . . . 1 . 1 9 2 3 3 9 15 . . 1 1 17 . 9 2 10 . . . . parse_system 8 | . . . . 1 . 1 1 . . . 2 1 . . . . 1 . 1 . . . . . . generate_echo 1 | . . . . . . . . . . . . 1 . . . . . . . . . . . . . find_chute 1 | . . . . . . . . . . 1 . . . . . . . . . . . . . . . map_walls 1 | . . . . . . . . . . . . 1 . . . . . . . . . . . . . find_recycling 2 | . . . . . . . . 1 . . . 1 . . . . . . . . . . . . . map_route 1 | . . . . . . . . . . . . 1 . . . . . . . . . . . . . ignore_targets 1 | . . . . . . . . . . . . . . . 1 . . . . . . . . . . find_garrison 2 | . . . . . . . . . . . . 1 . . . . . . . 1 . . . . . reboot_propulsion 1 | . . . . . . . . . . . . 1 . . . . . . . . . . . . . tweak_propulsion 1 | . . . . . . . . . . . . 1 . . . . . . . . . . . . . scatter_targeting 2 | . . . . . . . . . . . . . . . . . 1 . . . 1 . . . . spike_heat 3 | . . . . . . . 3 . . . . . . . . . . . . . . . . . . wipe_record 1 | . . . . . . . . . . . . 1 . . . . . . . . . . . . . reboot_system 8 | . . . . . . . . . . . 2 . . . . . 4 . 1 . 1 . . . . overwrite_iff 42 | . . . . . . . 4 . 2 2 4 4 . . . . 11 . 6 1 8 . . . . formatsys_high 8 | . . . . . . . 1 1 1 . 1 2 . . . 1 . . 1 . . . . . . Relay Couplers Released 79 | . . . . . . . 9 . 12 . 13 . 8 . . . 10 4 15 . 8 . . . . Machine Destruction 75 | . . . . . . . 9 . 12 . 13 . 8 . . . 10 . 15 . 8 . . . . Programmers 4 | . . . . . . . . . . . . . . . . . . 4 . . . . . . . Attached 38 | . . . . . . . 3 1 5 . 5 2 . 2 . . 7 1 6 . 5 1 . . . Fabnet Peak Effective % 3 | . . . . . . . . . . . . . . . . . . 3 3 1 1 1 . 3 3 Autooverrided 1 | . . . . . . . . . . . . . . . . . . . 1 . . . . . . Robots Rewired 10 | . . . . . . . . . . . 2 . . . . . . . 8 . . . . . . Allies Hacked . | . . . . . . . . . . . . . . . . . . . . . . . . . . Hacks Repelled . | . . . . . . . . . . . . . . . . . . . . . . . . . . Allies | -11 -10 -10 -9 -9 -8 -7 -7 -7 -7 -6 -6 -6 -6 -5 -5 -5 -5 -4 -4 -3 -3 -3 -2 -1 -1 -------- Run | Yrd Mat Min Mat Min Mat Fac Gar Fac Gar Fac Gar Fac Gar Fac Was Fac Gar Fac Gar Res Gar Res Res Acc Gar Total Allies 71 | . . . . 3 . . 6 1 3 2 8 6 . . . 2 10 . 17 1 12 . . . . Largest Group 7 | . . . . 3 3 . 2 2 3 1 2 2 . . . 2 2 . 7 1 3 . . . . Highest-Rated Group 238 | . . . . 40 40 . 181 170 186 29 238 62 . . . 59 59 . 238 56 219 . . . . Highest-Rated Ally 149 | . . . . 16 16 . 149 149 149 29 119 32 . . . 49 49 . 116 56 116 . . . . Total Orders 11 | . . . . . . . . . 2 . . 1 . . . . 4 . 4 . . . . . . STAY 6 | . . . . . . . . . 1 . . 1 . . . . 2 . 2 . . . . . . FOLLOW 5 | . . . . . . . . . 1 . . . . . . . 2 . 2 . . . . . . Ally Attacks 290 | . . . . 7 31 . 19 6 41 9 46 19 . . . . 41 . 48 3 20 . . . . Total Damage 8361 | . . . . 69 349 . 1025 246 1483 112 1644 504 . . . . 780 . 1298 124 727 . . . . Kills 68 | . . . . 3 5 . 7 3 17 1 13 3 . . . . 4 . 11 . 1 . . . . Allies Corrupted 1 | . . . . . . . . . . . . . . . . . 1 . . . . . . . . Allies Melted 3 | . . . . . . . . . . . 2 . . . . . . . 1 . . . . . . Intel | -11 -10 -10 -9 -9 -8 -7 -7 -7 -7 -6 -6 -6 -6 -5 -5 -5 -5 -4 -4 -3 -3 -3 -2 -1 -1 ------- Run | Yrd Mat Min Mat Min Mat Fac Gar Fac Gar Fac Gar Fac Gar Fac Was Fac Gar Fac Gar Res Gar Res Res Acc Gar Robot Analysis Total . | . . . . . . . . . . . . . . . . . . . . . . . . . . Derelict Logs Recovered 3 | . . 1 . 2 . . . . . . . . . . . . . . . . . . . . . Drone Launches 1 | . . . . . . 1 . . . . . . . . . . . . . . . . . . . Drone Recoveries . | . . . . . . . . . . . . . . . . . . . . . . . . . . Exploration | -11 -10 -10 -9 -9 -8 -7 -7 -7 -7 -6 -6 -6 -6 -5 -5 -5 -5 -4 -4 -3 -3 -3 -2 -1 -1 ------------- Run | Yrd Mat Min Mat Min Mat Fac Gar Fac Gar Fac Gar Fac Gar Fac Was Fac Gar Fac Gar Res Gar Res Res Acc Gar Turns Passed 23715 | 117 942 877 1735 694 1565 131 1383 373 2038 944 1693 1223 919 444 34 271 861 672 3655 274 1313 601 390 377 189 Spaces Moved 18081 | 78 762 621 1251 656 1254 124 836 341 984 728 976 824 441 1017 93 606 1318 665 1804 206 819 413 802 325 137 Core 187 | 1 . . . . . . . . 1 . . . 32 58 . . . 23 . . . 2 . . 70 Treads 204 | . . . . . . . . . 190 10 . . . . . . . . . . . . . . 4 Legs 1755 | . . . . . . . . . . . 3 . . . . . . . 582 206 819 112 . 33 . Wheels 11860 | 77 762 621 1251 656 1254 124 836 341 793 718 973 824 409 81 . . . 557 1222 . . 299 11 51 . Hover 340 | . . . . . . . . . . . . . . 7 . . . 55 . . . . 23 241 14 Flight 3735 | . . . . . . . . . . . . . . 871 93 606 1318 30 . . . . 768 . 49 Fastest Speed 24 | 50 80 95 95 95 80 82 93 95 95 85 87 93 50 24 32 27 27 40 90 120 120 90 37 75 40 Average Speed 88 | 85 92 95 95 95 88 95 101 96 126 103 121 106 110 36 32 30 32 85 103 120 120 108 39 100 66 Slowest Speed 900 | 90 95 95 95 95 110 97 165 110 900 240 240 125 130 150 32 85 120 120 190 120 190 200 120 160 300 Overloaded Moves . | . . . . . . . . . . . . . . . . . . . . . . . . . . Propulsion Burnouts . | . . . . . . . . . . . . . . . . . . . . . . . . . . Robots Hopped 10 | . . . . . . . . . . . . . . . . 2 1 2 . . . . 3 . 2 Cave-ins Triggered . | . . . . . . . . . . . . . . . . . . . . . . . . . . Exploration Rate (%) 44 | 4 97 97 87 94 84 4 45 11 76 15 78 18 50 29 75 15 53 10 72 7 56 10 28 9 31 Regions Visited 25 Branch Regions 2 Pre-discovered Areas 1 | . . 1 . . . . . . . . . . . . . . . . . . . . . . . Known Exits Taken 12 | . . . 1 1 1 1 . 1 . 1 . 1 . . . 1 . 1 . 1 . . 1 1 . Unknown Exits Taken 4 | 1 1 1 . . . . . . . . . . . . . . . . . . . 1 . . . Scrap Searched 5 | . . 3 . 2 . . . . . . . . . . . . . . . . . . . . . Spaces Dug 199 | . . . 2 . 6 . 22 5 23 5 53 7 12 2 . 3 22 1 1 1 18 6 9 . 1 Terrain Destroyed 487 | . 10 27 55 9 113 . 29 5 39 36 61 12 26 2 . 3 22 1 1 1 18 6 9 . 2 Melee 195 | . . . 2 . 6 . 22 5 23 5 53 5 12 2 . 3 22 . 1 1 18 6 9 . . Projectile 18 | . . . . . 2 . 7 . 4 . . 2 . . . . . 1 . . . . . . 2 AOE 274 | . 10 27 53 9 105 . . . 12 31 8 5 14 . . . . . . . . . . . . Terrain Rammed . | . . . . . . . . . . . . . . . . . . . . . . . . . . Walls Destroyed . | . . . . . . . . . . . . . . . . . . . . . . . . . . Machines Disabled . | . . . . . . . . . . . . . . . . . . . . . . . . . . Actions | -11 -10 -10 -9 -9 -8 -7 -7 -7 -7 -6 -6 -6 -6 -5 -5 -5 -5 -4 -4 -3 -3 -3 -2 -1 -1 --------- Run | Yrd Mat Min Mat Min Mat Fac Gar Fac Gar Fac Gar Fac Gar Fac Was Fac Gar Fac Gar Res Gar Res Res Acc Gar Total 23723 | 106 899 868 1622 711 1552 135 1155 367 1605 841 1256 1086 748 1084 96 685 1646 722 3382 230 999 513 847 354 214 Wait 3451 | 2 65 194 225 24 140 . 98 8 450 21 63 146 215 25 . 67 196 4 1328 12 58 51 10 2 47 Move 18046 | 77 761 620 1250 655 1253 124 835 341 983 728 975 824 440 1017 92 602 1315 661 1803 206 818 412 796 325 133 Hop 10 | . . . . . . . . . . . . . . . . 2 1 2 . . . . 3 . 2 Pick Up 128 | 6 11 6 11 3 6 . 13 1 12 5 8 5 2 3 1 1 3 11 11 1 4 . 2 1 1 Fast Attach 158 | 7 . . 2 1 7 2 2 1 8 9 9 10 2 12 . 2 5 13 21 2 8 12 14 8 1 Attach 71 | . 2 4 5 . 4 2 6 1 2 7 1 2 4 4 . . 5 2 9 . 6 1 1 2 1 Detach 29 | . 1 . 1 . 1 2 . . 2 3 2 1 . 2 . 2 4 1 4 . . 1 2 . . Swap 261 | 2 8 10 23 9 34 3 41 2 15 22 17 20 12 1 1 1 5 1 21 1 11 . . 1 . Drop 146 | 3 2 8 12 7 14 1 8 . 12 8 5 7 3 9 1 3 4 2 16 3 7 5 3 3 . Fire 668 | 9 49 26 88 11 68 . 64 . 27 14 26 53 5 1 1 2 21 13 137 3 21 13 . 8 8 Melee 627 | . . . 5 1 25 1 88 13 73 24 105 18 65 4 . 3 66 11 21 2 65 18 15 4 . Ram 5 | . . . . . . . . . . . . . . . . . . 1 . . . . 1 . 3 Kick . | . . . . . . . . . . . . . . . . . . . . . . . . . . Crush 13 | . . . . . . . . . . . . . . . . . . . . . . . . . 13 Escape Stasis 97 | . . . . . . . . . 8 . 45 . . 6 . . 21 . 11 . 1 . . . 5 Rewire . | . . . . . . . . . . . . . . . . . . . . . . . . . . Trap 13 | . . . . . . . . . 13 . . . . . . . . . . . . . . . . Miscellaneous . | . . . . . . . . . . . . . . . . . . . . . . . . . . Route ------- -11/Scrapyard -10/Materials (discovered 5 exits: *Mat x3 / [*Min x2]) -10/Mines (discovered 2 exits: *Mat x2) -9/Materials (discovered 4 exits: *Mat x2 / *Min x2) -9/Mines (discovered 3 exits: *Mat x2 / [*Exi]) -8/Materials (discovered 3 exits: *Fac x2 / [*Sto]) -7/Factory -7/Garrison -7/Factory -7/Garrison (discovered 2 exits: *Fac x2) -6/Factory (discovered 2 exits: *Fac / Gar) -6/Garrison (discovered 2 exits: *Fac x2) -6/Factory (discovered 3 exits: *Fac / [Low] / Gar) -6/Garrison (discovered 3 exits: *Fac x3) -5/Factory (discovered 2 exits: *Fac / *Upp) -5/Waste -5/Factory (discovered 3 exits: Upp x2 / Gar) -5/Garrison -4/Factory (discovered 2 exits: *Res / Gar) -4/Garrison (discovered 2 exits: *Res x2) -3/Research -3/Garrison -3/Research -2/Research -1/Access -1/Garrison History --------- Turn | Location | Event 15 | -11/Scrapyard | Discovered new exit (range 16) 118 | -11/Scrapyard | Entered Materials 136 | -10/Materials | Discovered new exit (range 15) 228 | -10/Materials | Discovered new exit (range 14) 313 | -10/Materials | Build established: Mutant 464 | -10/Materials | Discovered new exit (range 8) 588 | -10/Materials | Central database locked down 894 | -10/Materials | Discovered new exit (range 6) 984 | -10/Materials | Discovered new exit (range 5) 1060 | -10/Materials | Entered Mines 1061 | -10/Mines | Assembled infested the area 1063 | -10/Mines | Met a Derelict bent on vengeance 1066 | -10/Mines | Assisted by a Guerilla fighting off Assembled 1366 | -10/Mines | Lost 4 parts (1p1u2w) 1477 | -10/Mines | Discovered new exit (range 15) 1643 | -10/Mines | Learned location of 1 exit from Materials 1709 | -10/Mines | Discovered new exit (range 8) 1749 | -10/Mines | Learned location of Storage (-8) 1937 | -10/Mines | Entered Materials 1937 | -9/Materials | Evolved 2 slots: Propulsion x1, Utility x1 1938 | -9/Materials | Identified exit to Materials 2226 | -9/Materials | Build established: Scavenger-Mutant 2233 | -9/Materials | Identified exit to Mines 2716 | -9/Materials | Discovered exit to Materials (range 16) 3079 | -9/Materials | Repaired Imp. EM Shotgun 3537 | -9/Materials | First assault squad dispatched 3672 | -9/Materials | Entered Mines 3755 | -9/Mines | YI-UF0 nonchalantly dropped a Grenade Launcher on the ground 3820 | -9/Mines | Found a damaged Exp. Sensor Array with a note attached 3823 | -9/Mines | Found Prototype Device 3849 | -9/Mines | Found a hidden stash of uninstalled traps 3872 | -9/Mines | Assisted by bots powering up and referring to "LRC-V3" 3883 | -9/Mines | Learned 2 Materials zone layouts 4039 | -9/Mines | Discovered exit to Materials (range 7) 4051 | -9/Mines | Found the Drone Emporium 4057 | -9/Mines | Found Prototype Device 4057 | -9/Mines | Identified Sensor Drone Bay 4082 | -9/Mines | Discovered exit to Materials (range 3) 4162 | -9/Mines | Received a Rocket Launcher from a helpful Derelict 4192 | -9/Mines | Deemed a non-threat by the Exiles lab entrance 4192 | -9/Mines | Discovered new exit (range 5) 4355 | -9/Mines | Build established: Mutant 4366 | -9/Mines | Entered Materials 4366 | -8/Materials | Accompanied by 3 allies 4366 | -8/Materials | Evolved 2 slots: Propulsion x1, Utility x1 4367 | -8/Materials | Identified exit to Factory 4380 | -8/Materials | Identified Exp. Sensor Array 4660 | -8/Materials | Build established: Scavenger-Mutant 5138 | -8/Materials | Discovered new exit (range 13) 5166 | -8/Materials | First assault squad dispatched 5921 | -8/Materials | Discovered exit to Factory (range 10) 5931 | -8/Materials | Entered Factory 5931 | -7/Factory | Evolved 2 slots: Propulsion x1, Utility x1 6062 | -7/Factory | Identified exit to Garrison 6062 | -7/Factory | Entered Garrison 6184 | -7/Garrison | Build established: Mutant 6259 | -7/Garrison | Triggered checkpoint 6605 | -7/Garrison | Installed Relay Interface Framework 6628 | -7/Garrison | Garrison Relay disabled 6893 | -7/Garrison | Triggered checkpoint 6935 | -7/Garrison | Build established: Bothacker-Mutant 7068 | -7/Garrison | Discovered new exit (range 10) 7181 | -7/Garrison | Rescued HV-R5K 7228 | -7/Garrison | Triggered checkpoint 7251 | -7/Garrison | Garrison Relay disabled 7307 | -7/Garrison | Learned Factory security intel 7445 | -7/Garrison | Entered Factory 7445 | -7/Factory | Accompanied by 1 ally (HV-R5K) 7818 | -7/Factory | Identified exit to Garrison 7818 | -7/Factory | Entered Garrison 7818 | -7/Garrison | Accompanied by 2 allies (HV-R5K) 7899 | -7/Garrison | Learned Factory security intel 7956 | -7/Garrison | Triggered checkpoint 8051 | -7/Garrison | Expanded RIF knowledge: Alert ID Control 8064 | -7/Garrison | Garrison Relay disabled 8109 | -7/Garrison | Triggered checkpoint 8514 | -7/Garrison | Triggered checkpoint 8539 | -7/Garrison | Triggered checkpoint 8586 | -7/Garrison | Triggered checkpoint 8614 | -7/Garrison | Destroyed 7 combat bots 8707 | -7/Garrison | Garrison Relay disabled 8734 | -7/Garrison | Discovered new exit (range 15) 8903 | -7/Garrison | Heavy support dispatched to Factory 9014 | -7/Garrison | Core integrity fell below 50% 9067 | -7/Garrison | Lost 6 parts (3n3w) 9082 | -7/Garrison | Heavy support dispatched to Factory 9097 | -7/Garrison | Heavy support dispatched to Factory 9122 | -7/Garrison | Triggered checkpoint 9156 | -7/Garrison | Heavy support dispatched to Factory 9165 | -7/Garrison | Garrison Relay disabled 9805 | -7/Garrison | Discovered new exit (range 10) 9824 | -7/Garrison | Triggered checkpoint 9856 | -7/Garrison | Entered Factory 9856 | -6/Factory | Evolved 2 slots: Utility x2 10294 | -6/Factory | Discovered new exit (range 14) 10580 | -6/Factory | Lost 3 parts (3u) 10800 | -6/Factory | Identified exit to Garrison 10800 | -6/Factory | Entered Garrison 11054 | -6/Garrison | Triggered checkpoint 11080 | -6/Garrison | Garrison Relay disabled 11228 | -6/Garrison | Triggered checkpoint 11382 | -6/Garrison | Discovered new exit (range 10) 11420 | -6/Garrison | Expanded RIF knowledge: Watcher Feeds 11430 | -6/Garrison | Triggered checkpoint 11440 | -6/Garrison | Garrison Relay disabled 11485 | -6/Garrison | Spotted Executioner 11502 | -6/Garrison | Rewired Executioner 11506 | -6/Garrison | Rewired Executioner 11511 | -6/Garrison | Allies destroyed Executioner 11521 | -6/Garrison | Found Prototype Processor 11521 | -6/Garrison | Identified Exp. Targeting Computer 11531 | -6/Garrison | Lost 3 parts (2n1u) 11654 | -6/Garrison | Triggered checkpoint 11690 | -6/Garrison | Triggered checkpoint 11804 | -6/Garrison | Discovered new exit (range 13) 11876 | -6/Garrison | Triggered checkpoint 11916 | -6/Garrison | Garrison Relay disabled 11968 | -6/Garrison | Learned Factory security intel 12066 | -6/Garrison | Rescued a captive Derelict 12338 | -6/Garrison | Triggered checkpoint 12493 | -6/Garrison | Entered Factory 12843 | -6/Factory | First assault squad dispatched 13348 | -6/Factory | System corruption reached 10% 13391 | -6/Factory | Discovered new exit (range 136) 13443 | -6/Factory | Discovered new exit (range 14) 13716 | -6/Factory | Identified exit to Garrison 13716 | -6/Factory | Entered Garrison 13808 | -6/Garrison | Triggered checkpoint 13850 | -6/Garrison | Garrison Relay disabled 13927 | -6/Garrison | Discovered new exit (range 35) 13927 | -6/Garrison | Discovered new exit (range 50) 13927 | -6/Garrison | Discovered new exit (range 56) 14131 | -6/Garrison | Core integrity fell below 50% 14256 | -6/Garrison | Triggered checkpoint 14445 | -6/Garrison | Build established: Mutant 14509 | -6/Garrison | Lost 4 parts (1p2n1u) 14594 | -6/Garrison | Triggered checkpoint 14595 | -6/Garrison | Core integrity fell below 20% 14635 | -6/Garrison | Entered Factory 14635 | -5/Factory | Evolved 2 slots: Utility x2 14649 | -5/Factory | Lost 5 parts (1p1n1u2w) 14858 | -5/Factory | Fabricated Hcp. Storage Unit (x1) 14959 | -5/Factory | Discovered new exit (range 25) 14990 | -5/Factory | Fabricated Mni. Grenade Launcher? 15036 | -5/Factory | Discovered new exit (range 8) 15079 | -5/Factory | Sucked down chute 15079 | -5/Factory | Entered Waste 15087 | -5/Waste | Spotted C-40 Crusher 15089 | -5/Waste | Spotted C-40 Crusher 15094 | -5/Waste | EMP discharged 15097 | -5/Waste | Spotted C-40 Crusher 15101 | -5/Waste | Spotted C-40 Crusher 15109 | -5/Waste | Discovered new exit (range 14) 15113 | -5/Waste | Entered Factory 15322 | -5/Factory | Identified exit to Upper Caves 15384 | -5/Factory | Identified exit to Garrison 15384 | -5/Factory | Entered Garrison 15384 | -5/Garrison | Accompanied by 2 allies 15446 | -5/Garrison | Triggered checkpoint 15475 | -5/Garrison | Garrison Relay disabled 15524 | -5/Garrison | Build established: Bothacker-Sprinter 15640 | -5/Garrison | Triggered checkpoint 15982 | -5/Garrison | Triggered checkpoint 15982 | -5/Garrison | Triggered checkpoint 15984 | -5/Garrison | Triggered checkpoint 16014 | -5/Garrison | Triggered checkpoint 16017 | -5/Garrison | Garrison Relay disabled 16083 | -5/Garrison | Lost 4 allies 16145 | -5/Garrison | Discovered new exit (range 11) 16179 | -5/Garrison | Spotted Striker 16245 | -5/Garrison | Entered Factory 16245 | -4/Factory | Evolved 2 slots: Utility x2 16327 | -4/Factory | Lost 4 parts (1n2u1w) 16441 | -4/Factory | Build established: Mutant 16676 | -4/Factory | Discovered new exit (range 20) 16676 | -4/Factory | Identified exit to Research 16917 | -4/Factory | Identified exit to Garrison 16917 | -4/Factory | Entered Garrison 16975 | -4/Garrison | Build established: Bothacker-Mutant 17027 | -4/Garrison | Triggered checkpoint 17060 | -4/Garrison | Garrison Relay disabled 17100 | -4/Garrison | Lost 3 parts (2u1w) 17106 | -4/Garrison | Expanded RIF knowledge: Command Fork 17217 | -4/Garrison | Spotted B-86 Titan 17225 | -4/Garrison | Triggered checkpoint 17231 | -4/Garrison | Local machine network offline 17238 | -4/Garrison | Triggered checkpoint 17272 | -4/Garrison | Lost 3 parts (1n1u1w) 17275 | -4/Garrison | Lost 7 allies 17379 | -4/Garrison | Build established: Botlord-Mutant 19533 | -4/Garrison | Lost 3 parts (1p1n1u) 19566 | -4/Garrison | Core integrity fell below 50% 19635 | -4/Garrison | Found Hvy. Reflective Plating 19639 | -4/Garrison | Triggered checkpoint 19780 | -4/Garrison | Garrison Relay disabled 19862 | -4/Garrison | Discovered exit to Research (range 11) 19913 | -4/Garrison | Triggered checkpoint 19966 | -4/Garrison | Expanded RIF knowledge: Code Merge 20300 | -4/Garrison | Triggered checkpoint 20307 | -4/Garrison | Triggered checkpoint 20338 | -4/Garrison | Lost 3 allies 20373 | -4/Garrison | Garrison Relay disabled 20401 | -4/Garrison | Triggered checkpoint 20481 | -4/Garrison | Lost 4 allies 20516 | -4/Garrison | Discovered exit to Research (range 13) 20572 | -4/Garrison | Entered Research 20572 | -3/Research | Evolved 2 slots: Utility x2 20846 | -3/Research | Identified exit to Garrison 20846 | -3/Research | Entered Garrison 20938 | -3/Garrison | Triggered checkpoint 21042 | -3/Garrison | Garrison Relay disabled 21065 | -3/Garrison | Expanded RIF knowledge: Threat Obfuscation 21121 | -3/Garrison | Spotted B-86 Titan 21123 | -3/Garrison | Triggered checkpoint 21128 | -3/Garrison | Triggered checkpoint 21134 | -3/Garrison | Triggered checkpoint 21181 | -3/Garrison | Lost 8 allies 21188 | -3/Garrison | Q-Series assembled to engage unique threat in Research 21268 | -3/Garrison | Lost 3 parts (2n1u) 21456 | -3/Garrison | Triggered checkpoint 21475 | -3/Garrison | Garrison Relay disabled 21798 | -3/Garrison | Q-Series assembled to engage unique threat in Research 22077 | -3/Garrison | Discovered new exit (range 13) 22118 | -3/Garrison | Build established: Scavenger-Mutant 22159 | -3/Garrison | Entered Research 22189 | -3/Research | Lost 3 parts (1p2n) 22560 | -3/Research | Lost 4 parts (1n2u1w) 22650 | -3/Research | Discovered new exit (range 11) 22664 | -3/Research | Build established: Mutant 22740 | -3/Research | Core integrity fell below 50% 22760 | -3/Research | Entered another Research area 22760 | -2/Research | Evolved 2 slots: Utility x2 22828 | -2/Research | Lost 8 parts (5n3u) 23029 | -2/Research | Spotted B-90 Cyclops 23132 | -2/Research | Spotted B-90 Cyclops 23146 | -2/Research | Discovered new exit (range 5) 23149 | -2/Research | Identified exit to Access 23150 | -2/Research | Entered Access 23150 | -1/Access | Evolved 2 slots: Propulsion x1, Utility x1 23180 | -1/Access | Lost 5 parts (2n2u1w) 23427 | -1/Access | Build established: Hacker-Mutant 23527 | -1/Access | Identified exit to Garrison 23527 | -1/Access | Entered Garrison 23549 | -1/Garrison | Lost 4 parts (1p2n1w) 23593 | -1/Garrison | Triggered checkpoint 23662 | -1/Garrison | Lost 5 parts (2n1u2w) 23690 | -1/Garrison | Core integrity fell below 50% 23691 | -1/Garrison | Spotted B-99 Colossus 23700 | -1/Garrison | Triggered checkpoint 23704 | -1/Garrison | Core integrity fell below 20% 23716 | -1/Garrison | Destroyed by G-73 Enforcer with Phase Gun Last Messages --------------- 23687_ Stasis field depleted. 23687_ Slammed into G-73 Enforcer. 23693_ Relay Coupler [Sentry] destroyed. 23695_ Penetrated by Slug. 23696_ Imp. Armor Integrity Analyzer destroyed. 23696_ Adv. Hacking Suite destroyed. 23696_ Adv. Target Analyzer destroyed. 23697_ Slug penetrates Wall. 23698_ Knocked back. 23698_ Penetrated by Slug. 23698_ Slug penetrates Wall. 23698_ Relay Coupler [Brawler] destroyed. 23698_ Slug penetrates Wall. 23700_ Beams of light sweep through the air. An alarm sounds. 23706_ Adv. Hacking Suite destroyed. 23707_ P-80 Master resets S-43 Plague, system corruption cleaned. 23711_ Relay Coupler [Behemoth] destroyed. 23716_ System corrupted: Matter fused (-10). Map ----- +----------------------------------------------------+ | ??????????????????????????????????# ## ## # | | ??????????????????????????????????" " | | ??????????????????????????????????" " | | ??????????????????????????????????" " | | ??????????????????????????????????" " | | ??????????????????????????##??????# ## ## # | | ????????????????????????##T######## ## ## # | | ????????????????????????# | | ????????????????????????# | | ????????????????????????# ######## % | | ????????????????????????# #??????## ##""""###"## | | ????????????????????????# #???????# #??????? #? | | ????????????????????????# #???????# #??????? #? | | ????????????????????????# #???????# #??????# #? | | ????????????????????????# #???????# #??????# #? | | ????????????????????????# #???????# #??????# #? | | ?????????????############ ####+#### #??????# #? | | ?????????? gp #??????# ? | | ?????????? g #??????# ? | | ?????????????### #######g########### #??????####? | | ????????????????????????# #?????????# #??????????? | | ????????????????????????# #?????????# #??????????? | | ????????????????????????# #?????????# #??????????? | | ????????????????????????# #?????????# #??????????? | | ????????????????????????# #?????????# #??????????? | | ????????????????????????#@#?????????# #??????????? | | ????????????????????????# #?????????# #??????????? | | ????????????????????????# #?????????# #??????????? | | ????????????????????????# #?????????? ???????????? | | ????????????????????????#s"?????????? ???????????? | | ????????????????????????# "?????????? ???????????? | | ????????????????????????# "?????????? ???????????? | | ????????????????????????# #?????????? ???????????? | | ????????????????????????# #?????????? ???????????? | | ????????????????????????? ??????????? ???????????? | | ????????????????????????? ???????????????????????? | | ?????????????????????????#???????????????????????? | | ?????????????????????????????????????????????????? | | ?????????????????????????????????????????????????? | | ?????????????????????????????????????????????????? | | ?????????????????????????????????????????????????? | | ?????????????????????????????????????????????????? | | ?????????????????????????????????????????????????? | | ?????????????????????????????????????????????????? | | ?????????????????????????????????????????????????? | | ?????????????????????????????????????????????????? | | ?????????????????????????????????????????????????? | | ?????????????????????????????????????????????????? | | ?????????????????????????????????????????????????? | | ?????????????????????????????????????????????????? | +----------------------------------------------------+ Best States ------------- Heat Dissipation 65 Coolant Potential 80 Energy Generation 29 Energy Capacity 350 Matter Stores 300 Matter Capacity 300 Sight Range 22 Robot Scan Range 20 Terrain Scan Range 14 Terrain Scan Density 10 ECM Strength 2 Jamming Range 16 Armor Coverage 825 Resistance: TH 25 Resistance: EM 15 Evasion (%) 65 Targeting Accuracy 12 Melee Accuracy 8 Target Analysis 8 Armor Integrity Analysis 40 Recoil Reduction 2 Offensive Hacking 56 Relay Coupler Types 8 Relay Coupler Value 195 Item Schematics ----------------- Hcp. Storage Unit | -10/Materials | Hacked Huge Storage Unit | -10/Materials | Hacked ECM Suite | -9/Materials | Scanalyzed Imp. EM Shotgun | -9/Materials | Scanalyzed Med. Armor Plating | -9/Materials | Hacked Med. Laser | -9/Materials | Scanalyzed Mni. Grenade Launcher | -9/Materials | Scanalyzed Hacking Suite | -9/Materials | Scanalyzed Seismic Detector | -8/Materials | Scanalyzed Imp. System Shield | -6/Factory | Scanalyzed Adv. System Restoration Module | -5/Factory | Hacked Centrium Wheel | -3/Research | Scanalyzed Lyr. Light Armor Plating | -3/Research | Scanalyzed Robot Schematics ------------------ None Fabricated ------------ Hcp. Storage Unit | x1 | -5/Factory Mni. Grenade Launcher | x1 | -5/Factory Alien Tech Used ----------------- None Achievements -------------- None Challenges ------------ None Game ------ Seed AccelerationLinearBrace Manual? 0 Play Time 04:38:31 Cumulative 145.4 hours Start 2024.10.26 @ 06:45:42 End 2024.10.29 @ 10:29:28 Sessions 5 Manual Loads 0 Difficulty Rogue Special Mode None Game No. 95 Rogue 92 Adventurer 3 Explorer 0 Win Type - Total 1 Types 1/0/0/0/0/0/0/0/0 Lore% 50 Gallery% 57 Achievement% 46 Wizard Run 0 Options --------- Layout 1 ASCII 0 Keyboard 1 Movement Vi Keybinds 0 Fullscreen 1 Font 28/SmallcapsGlow Map View 50x43 Zoom Use 0% Tactical HUD 1 Map Filters NONE Filters NONE Steam 1 RUN: 254a0be7-9d16-494b-9e84-4991dfe06c8b